 Dungeon Crawl Stone Soup version 0.29.1-15-g9cfb28693d (webtiles) character file.

Game seed: 8333970168567749661

184 protoss039 the Digger (level 5, 0/40 HPs)
             Began as a Demonspawn Earth Elementalist on Mar 13, 2023.
             Slain by Ijyb
             ... wielding a +0 club
              (4 damage)
             ... on level 3 of the Dungeon.
             The game lasted 00:03:34 (2859 turns).

protoss039 the Digger (DsEE)                        Turns: 2859, Time: 00:03:35

Health: 0/40       AC:  6    Str:  8    XL:     5   Next: 36%
Magic:  8/10       EV: 11    Int: 19    God:
Gold:   175        SH:  0    Dex: 13    Spells: 7/10 levels left

rFire   . . .      SeeInvis .   d - +0 dagger
rCold   . . .      Faith    .   (no shield)
rNeg    . . .      Spirit   .   f - +0 leather armour
rPois   .          Reflect  .   k - +0 helmet
rElec   .          Harm     .   (no cloak)
rCorr   .          Rampage  .   (no gloves)
Will    .....                   g - +0 pair of boots
Stlth   ++........              (no amulet)
HPRegen 0.13/turn               (no ring)
MPRegen 0.12/turn               (no ring)

@: no status effects
A: claws 1, spiny 1, sharp scales 1
a: no special abilities


You were on level 3 of the Dungeon.
You visited 1 branch of the dungeon, and saw 3 of its levels.

You collected 175 gold pieces.

Inventory:

Hand Weapons
 d - a +0 dagger (weapon)
Armour
 f - a +0 leather armour (worn)
 g - a +0 pair of boots (worn)
 k - a +0 helmet (worn)
Jewellery
 a - a ring of fire
Scrolls
 c - a scroll of butterflies {unknown}
 e - 2 scrolls of magic mapping {unknown}
 h - a scroll of identify {unknown}
 m - a scroll of fear {unknown}
 n - a scroll of enchant weapon {unknown}
 o - a scroll of enchant armour {unknown}
Potions
 b - a potion of magic
 i - a potion of degeneration {unknown}
 j - a potion of might {unknown}
 l - a potion of berserk rage {unknown}
 p - a potion of flight {unknown}


   Skills:
 + Level 2.8 Fighting
 - Level 1.7 Dodging
 - Level 1.7 Stealth
 + Level 3.3 Spellcasting
 - Level 0.8 Transmutations
 + Level 3.9 Earth Magic


You had 7 spell levels left.
You knew the following spells:

 Your Spells              Type           Power      Damage    Failure   Level
a - Sandblast             Erth           36%        2d10      4%          1
b - Passwall              Tmut/Erth      10%        N/A       12%         2

Your spell library contained the following spells:

 Spells                   Type           Power      Damage    Failure   Level
 Beastly Appendage        Tmut           12%        N/A       16%         1
 Wereblood                Tmut           6%         N/A       22%         2
 Stone Arrow              Conj/Erth      20%        3d8       28%         3
 Spider Form              Tmut/Pois      4%         N/A       47%         3
 Gell's Gravitas          Tloc           3%         N/A       54%         3
 Lesser Beckoning         Tloc           3%         N/A       54%         3
 Teleport Other           Tloc           3%         N/A       54%         3
 Tukima's Dance           Hex            3%         N/A       54%         3
 Petrify                  Tmut/Erth      12%        N/A       63%         4
 Passage of Golubria      Tloc           3%         N/A       91%         4
 Yara's Violent Unravell  Hex/Tmut       2%         3d3       99%         5


Dungeon Overview and Level Annotations

Branches:
Dungeon (3/15) Zot: 15097

Altars:
Ashenzari

Annotations:
D:3 Ijyb


Innate Abilities, Weirdness & Mutations

You have sharp fingernails.
You are partially covered in sharp spines.
You are partially covered in razor-sharp scales. (AC +1, Slay +1)


Message History

Aim: Ijyb, wielding a +0 club, wearing a +2 ring mail of willpower and carrying a wand of flame (7) (80% to hit)
The blast of sand hits Ijyb but does no damage.
The hobgoblin shouts!
Ijyb is struck by your spines. Ijyb completely misses you.
Casting: Sandblast (safe; 4% risk of failure)
Confirm with . or Enter, or press ? or * to list all spells.
Aiming: Sandblast (safe; 4% risk of failure)
Press: ? - help, Shift-Dir - straight line, f/p - Ijyb
Aim: Ijyb, wielding a +0 club, wearing a +2 ring mail of willpower and carrying a wand of flame (7) (lightly wounded, 80% to hit)
The blast of sand hits Ijyb but does no damage.
Ijyb is lightly wounded.
Ijyb hits you with a +0 club.
* * * LOW HITPOINT WARNING * * *
Ijyb hits you with a +0 club.
* * * LOW HITPOINT WARNING * * *
Unknown command.
You are too injured to fight recklessly!
Unknown command.
You are too injured to fight recklessly!
Unknown command.
You hit Ijyb but do no damage.
Ijyb is lightly wounded.
Unknown command.
You hit Ijyb but do no damage.
Ijyb is lightly wounded.
The hobgoblin is struck by your spines. The hobgoblin hits you.
* * * LOW HITPOINT WARNING * * *
Ijyb is struck by your spines. Ijyb hits you with a +0 club.
* * * LOW HITPOINT WARNING * * *
Unknown command.
You closely miss Ijyb.
Ijyb is lightly wounded.
The hobgoblin is struck by your spines.
The hobgoblin hits you but does no damage.
Ijyb zaps a wand.
The puff of flame misses you.
Unknown command.
You hit Ijyb but do no damage.
Ijyb is lightly wounded.
Ijyb hits you with a +0 club.
You die...

#.................
#.........#######.
#.........#
##.##.##### #.##.#
#.##.# #.##.#
##.##.. #g@####
#g## #. #. #. #.
#. ..


You could see Ijyb and a hobgoblin.

Vanquished Creatures
  Natasha (twice) (D:2)
  Terence (D:3)
  Robin (D:2)
  3 adders (D:2)
  A worm (D:1)
  2 dart slugs
  7 endoplasms
  3 giant cockroaches
  8 goblins
  3 hobgoblins
  5 jackals (D:1)
  6 kobolds
  A quokka (D:1)
  3 ball pythons
  6 bats
  5 frilled lizards
  10 rats (D:1)
67 creatures vanquished.

Notes
Turn   | Place    | Note
-------+----------+-------------------------------------------
     0 | D:1      | protoss039 the Demonspawn Earth Elementalist began the
                  | quest for the Orb.
     0 | D:1      | Reached XP level 1. HP: 13/13 MP: 3/3
     1 | D:1      | Found a runed translucent door.
   415 | D:1      | Gained mutation: You are partially covered in razor-sharp
                  | scales. (AC +1, Slay +1) [demonic ancestry]
   415 | D:1      | Reached XP level 2. HP: 20/20 MP: 3/5
   531 | D:1      | Reached skill level 1 in Fighting
  1280 | D:1      | Gained mutation: You are partially covered in sharp spines.
                  | [demonic ancestry]
  1280 | D:1      | Reached XP level 3. HP: 23/26 MP: 4/6
  1677 | D:1      | Learned a level 2 spell: Passwall
  1851 | D:2      | Noticed Natasha
  1860 | D:2      | Killed Natasha
  1861 | D:2      | Reached XP level 4. HP: 16/33 MP: 3/8
  2356 | D:2      | Noticed Robin
  2361 | D:2      | Killed Robin
  2626 | D:2      | Noticed Natasha
  2630 | D:2      | Killed Natasha
  2631 | D:2      | Gained mutation: You have sharp fingernails. [demonic
                  | ancestry]
  2631 | D:2      | Reached XP level 5. HP: 38/39 MP: 5/9
  2789 | D:3      | Noticed Terence
  2790 | D:3      | Found a broken altar of Ashenzari.
  2794 | D:3      | Killed Terence
  2848 | D:3      | Noticed Ijyb
  2859 | D:3      | Slain by Ijyb

Illustrated notes

Levels and vault maps discovered:
D:1:      dpeg_arrival_caged_fury, layout_basic, minmay_misc_feat_rows,
          supply_closet_lemuel, dreamdust_wishing_well
D:2:      layout_basic, minivault_4, uniq_robin, uniq_natasha
D:3:      layout_loops_ring, cheibrodos_ashenzari_chains, slow_altar_2,
          overflow_temple_1_default, portal_sewer_entry_d,
          nicolae_ecumenical_snake_handling, lemuel_flame_loot_1, uniq_terence,
          uniq_ijyb

Skill      XL: |  1  2  3  4 |
---------------+-------------+-----
Fighting       | 1 2 |  2.8
Earth Magic    | 3 |  3.9
Spellcasting   | 3 |  3.3
Dodging        | |  1.7
Stealth        | |  1.7
Transmutations | |  0.8

Action                   |  1- 3 |  4- 6 || total
-------------------------+-------+-------++-------
Melee: Dagger            |    55 |    11 ||    66
       Punch             |     1 |       ||     1
 Cast: Sandblast         |    35 |    32 ||    67
 Stab: Sleeping          |     3 |       ||     3
Armor: Robe              |     2 |       ||     2
       Leather armour    |    40 |     3 ||    43
Dodge: Dodged            |    51 |    10 ||    61
